AoeStats
← JoseRegens

Fortress

510167876Analyzed
2v2 RM · 3d ago on Sep 29, 2026· 37m 51s· 4 players
Game mode
Random Map
Map size
Normal (6 player)
Population
200
Speed
Normal
Resources
Standard
Victory
Conquest
Starting age
Dark Age
Ending age
Imperial Age
RankedLock teamsTeams togetherTeam positionsShared explorationLock speedFull tech treeHidden civsTurbo modeCheats
Victory
Defeat
🇹🇷 Saracens · Türkiye
867
+16
🇹🇷 Khmer · Türkiye
866
+16
🇦🇲 Khmer · Armenia
900
-41
🇺🇸 Varangians · United States
838
-15
4myrmidon
7:24 Feudal Age
6:48 Loom
8:06 Town Watch
9:20 Double-Bit Axe
9:17 Horse Collar
13:31 Castle Age
15:50 Bow Saw
15:38 Gold Mining
15:54 Stone Mining
16:51 Heavy Plow
25:06 Wheelbarrow
30:51 Imperial Age
28:41 Hand Cart
29:23 Fletching
29:57 Ballistics
29:39 Padded Archer Armor
29:40 Town Patrol
29:48 Tusk Swords
32:38 Double Crossbow
32:04 Heavy Scorpion
33:18 Conscription
33:34 Hoardings
33:43 Bodkin Arrow
34:04 Leather Archer Armor
34:52 Chemistry
34:39 Gold Shaft Mining
34:44 Stone Shaft Mining
34:43 Crop Rotation
33:56 Capped Ram
35:12 Siege Ram
Baibars
0:29 Loom
9:27 Feudal Age
14:18 Castle Age
12:44 Double-Bit Axe
13:02 Stone Mining
13:06 Gold Mining
25:05 Imperial Age
25:15 Scale Barding Armor
27:35 Chemistry
29:19 Fortified Wall
30:52 Chain Barding Armor
32:44 Plate Barding Armor
34:04 Elite Mameluke
WTF_a_duck
5:15 Loom
5:35 Loom
7:22 Feudal Age
8:57 Double-Bit Axe
9:06 Double-Bit Axe
9:37 Gold Mining
12:30 Castle Age
10:39 Horse Collar
13:49 Bow Saw
18:38 Gold Shaft Mining
18:12 Scale Barding Armor
19:37 Stone Mining
19:52 Husbandry
25:11 Bloodlines
25:19 Forging
26:35 Wheelbarrow
25:58 Town Watch
32:14 Imperial Age
32:52 Elite Battle Elephant
33:37 Tusk Swords
35:37 Heavy Plow
35:21 Heavy Scorpion
36:31 Chain Barding Armor
36:47 Iron Casting
37:05 Ballistics
36:59 Masonry
37:05 Fortified Wall
36:52 Guard Tower
37:39 Double Crossbow
JoseRegens
1:30 Loom
7:54 Feudal Age
8:38 Double-Bit Axe
12:45 Horse Collar
13:03 Stone Mining
15:22 Castle Age
14:17 Gold Mining
14:57 Arson
15:27 Forging
16:03 Gambesons
16:18 Squires
21:17 Wheelbarrow
21:52 Town Watch
23:25 Scale Barding Armor
23:56 Iron Casting
25:23 Hand Cart
28:11 Heavy Plow
Connection lost

Rejoining the realm…

Still unreachable

The connection could not be restored.

Session expired

The server has moved on; the page needs a fresh start.